 Zot Defence DCSS version 0.15.2 (webtiles) character file.

837 kosy22 the Ruffian (level 7, -4/71 HPs)
             Began as a Troll Fighter on Nov 20, 2015.
             Slain by Ytimnuwk the boring beetle (8 damage)
             ... in the Realm of Zot (Scenario V: Glassed Sandwich).
             The game lasted 00:03:45 (911 turns).

kosy22 the Ruffian (Troll Fighter)                   Turns: 911, Time: 00:03:46

HP  -4/71        AC  5     Str 27      XL: 7   Next: 66%
MP   3/3         EV  9     Int  4      God:
Gold 0           SH  9     Dex  9      Spells:  0 memorised,  6 levels left

rFire  . . .     SeeInvis .       - Unarmed
rCold  . . .     Clarity  .     b - +0 robe
rNeg   . . .     rCorr    .     c - +0 shield
rPois  .         rRot     .     (helmet restricted)
rElec  .         Spirit   .     (no cloak)
SustAb .         Warding  .     (gloves unavailable)
rMut   .         Stasis   .     (boots unavailable)
Gourm  +                        (no amulet)
MR     .....                    (no ring)
                                (no ring)

@: not resistant to hostile enchantments, very unstealthy
A: unfitting armour, claws 3, fast metabolism 3, gourmand, regeneration 2,
saprovore 2, shaggy fur 1, tough skin 2
a: Make oklob sapling, Make arrow trap, Make plant, Remove Curse, Make burning
bush, Make altar, Make grenades, Make oklob plant


You were in the Realm of Zot.
You were not hungry.

You visited 1 branch

Inventory:

Armour
 b - a +0 robe (worn)
 c - a +0 shield (worn)
Comestibles
 d - a meat ration
Scrolls
 j - a scroll of blinking
Potions
 a - 3 potions of curing
 e - a potion of might
 f - a potion of heal wounds
 g - a potion of haste
 h - 2 potions of magic
 i - a potion of berserk rage


   Skills:
 + Level 4.4 Fighting
 + Level 4.1 Dodging
 + Level 3.5 Shields
 + Level 5.5 Unarmed Combat


You had 6 spell levels left.
You didn't know any spells.

Dungeon Overview and Level Annotations

Branches:
    Zot (1/1)

Altars:
Xom


Innate Abilities, Weirdness & Mutations

You are too large for most types of armour.
You have claws for hands.
Your metabolism is lightning-fast.
You like to eat raw meat.
You heal very quickly.
You can eat rotten meat.
You are covered in fur (AC +1).
You have very tough skin (AC +2).


Message History

You scratch Ytimnuwk.
Ytimnuwk is moderately wounded.
Ytimnuwk bites you!!
You scratch Ytimnuwk but do no damage.
Ytimnuwk is moderately wounded.
You scratch Ytimnuwk but do no damage.
Ytimnuwk is moderately wounded.
Ytimnuwk bites you!!
* * * LOW HITPOINT WARNING * * *
You scratch Ytimnuwk but do no damage.
Ytimnuwk is moderately wounded.
Ytimnuwk bites you.
* * * LOW HITPOINT WARNING * * *
You scratch Ytimnuwk.
Ytimnuwk is moderately wounded.
The giant cockroach waves its antennae.
You scratch Ytimnuwk but do no damage.
Ytimnuwk is moderately wounded.
Ytimnuwk bites you!
You die...

▓▓▓▓▓▓▓▓▓▓▓▓▓▓▓▓▓▓▓▓▓▓▓.....▓
▓...........................▓
............................▓
............................▓
............................▓
............................▓
............................▓
▓▓▓▓▓▓▓▓▓▓▓▓▓▓▓▓▓s..........▓
.s.B.........%.B@...........▓
ss......s...................▓
............................▓
............................▓
............................▓
............................▓
▓▓▓▓▓▓▓▓▓▓▓▓▓▓▓▓▓▓▓▓▓▓▓▓▓▓▓▓▓
............................▓
............................▓


You could see Ytimnuwk the boring beetle and 2 giant cockroaches.

Vanquished Creatures
  A giant frog (Zot)
  5 iguanas (Zot)
  2 hounds (Zot)
  2 sheep (Zot)
  An adder (Zot)
  2 green rats (Zot)
  2 worms (Zot)
  A giant gecko (Zot)
  5 oozes (Zot)
  3 orcs (Zot)
  5 bats (Zot)
  6 giant cockroaches (Zot)
  5 hobgoblins (Zot)
  A jackal (Zot)
  11 kobolds (Zot)
  5 quokkas (Zot)
  2 ball pythons (Zot)
  7 giant newts (Zot)
  8 goblins (Zot)
  3 rats (Zot)
77 creatures vanquished.

Vanquished Creatures (others)
  A giant cockroach (Zot)
1 creature vanquished.

Grand Total: 78 creatures vanquished

Notes
Turn   | Place    | Note
--------------------------------------------------------------
     0 | Zot      | kosy22, the Troll Fighter, began the quest for the Orb.
     0 | Zot      | Reached XP level 1. HP: 22/22 MP: 1/1
   243 | Zot      | Reached XP level 2. HP: 29/29 MP: 1/1
   334 | Zot      | Reached XP level 3. HP: 36/36 MP: 2/2
   369 | Zot      | Reached skill level 3 in Fighting
   430 | Zot      | Reached XP level 4. HP: 45/45 MP: 2/2
   625 | Zot      | Noticed Kleys
   648 | Zot      | Reached XP level 5. HP: 53/53 MP: 2/2
   659 | Zot      | Killed Kleys the giant frog
   659 | Zot      | Reached XP level 6. HP: 60/62 MP: 3/3
   674 | Zot      | Reached skill level 4 in Unarmed Combat
   749 | Zot      | Reached XP level 7. HP: 59/70 MP: 3/3
   831 | Zot      | Reached skill level 5 in Unarmed Combat
   909 | Zot      | HP: 3/71 [Ytimnuwk the boring beetle (6)]
   911 | Zot      | Slain by Ytimnuwk the boring beetle

Action                   |  1- 3 |  4- 6 |  7- 9 || total
-------------------------+-------+-------+-------++-------
Melee: Unarmed           |   102 |   134 |    55 ||   291
 Abil: Make arrow trap   |       |     1 |       ||     1
       Make altar        |       |       |     1 ||     1
  Eat: Meat ration       |       |     1 |       ||     1
